monkhack, neutral male human Monk ---------- ----- |........| ------ |...| ----- ---------------- #-....%...| |....-######...`| |...| |..............| ###|....._(.| |.)..| ## |...| |...-#####....*..........| # |........| |....| # #|...| |...| |..............| ### -------|-- |....| ### --.-- |...-# -------------.-- # # |..^.| # ##[#######-...| # ### # |....-## # ###----- ### # # ------ # # ###### # ### # # ### #`## I`#### # # ## # --.-.--#%# ## -.----# |.....|# -----.-- |....+# |.....|## +......| |....| |..>II|# |....*)| |....| |.....|# |......| |....| |{....-# |......| |.<..| ------- -------- ------ monkhack the Novice Experience level: 4 Strength: 15 Dexterity: 13 Constitution: 13 Intelligence: 11 Wisdom: 11 Charisma: 12 Health: 0(30) Energy: 21(21) Def: 6 Gold: 588 Moves: 1647 Dungeon seed: 4Ay24D_o6tnys6ac Game ID: monkhack_1464575052 Your Inventory: Coins $ - 588 gold pieces Weapons l - 12 uncursed +0 shuriken (in quiver) m - an uncursed +1 orcish dagger Armor e - an uncursed +2 pair of leather gloves (being worn) n - an uncursed +1 robe (being worn) q - an uncursed +0 pair of jumping boots Comestibles f - 4 uncursed food rations g - 7 uncursed apples h - 5 uncursed oranges i - 3 uncursed fortune cookies r - an uncursed tripe ration B - an uncursed lembas wafer C - 2 uncursed cherries H - an uncursed lichen corpse Scrolls N - an uncursed scroll of identify Spellbooks a - a blessed spellbook of protection Wands j - an uncursed wand of enlightenment (0:3) A - an uncursed wand of make invisible (0:3) J - an uncursed wand of digging (0:3) Tools k - an uncursed oil lamp (0:1489) Spells and supernatural/magical abilities: Name Level Category Fail Memory p - protection 1 clerical 0% 92% W - pray for help -- divine ? -- Your skills at the end: Miscellaneous Skills martial arts [Basic] wands [Basic] Weapon Skills shuriken [Basic] Spellcasting Skills healing spells [Basic] Final Attributes: You were devoutly aligned. You were sleep resistant. You were poison resistant. You saw invisible. You were fast. You are dead. Vanquished creatures: 2 gnome lords 4 elf zombies a kitten a giant bat a hobbit a gecko 4 giant rats a yellow mold 2 gnomes 9 jackals a fox 4 newts a goblin a sewer rat 4 grid bugs 2 bats 3 lichens 42 creatures vanquished. Voluntary challenges: You followed a strict vegan diet. You did not adorn yourself with jewelry or accessories. You never hit with a wielded weapon. You did not use tools. You were illiterate. You never genocided any monsters. You never polymorphed an object. You never changed form. You used no wishes. You never split a pudding. You never wrote Elbereth's name. You never violated your personal moral code. Dungeon overview: The Dungeons of Doom: levels 1 to 6 Level 1 (vault) a fountain a long staircase Level 2 stairs to The Gnomish Mines Level 3 Level 4 Level 5 <- You were here an altar to Shan Lai Ching, a fountain Level 6 a fountain The Gnomish Mines: Level 3 stairs to The Dungeons of Doom History has recorded: On T:1 you entered the Dungeons of Doom to retrieve the Amulet of Yendor! On T:426 you reached level 2 of The Dungeons of Doom. On T:582 you reached level 1 of The Gnomish Mines. On T:585 you advanced to experience level 2. On T:662 you reached level 3 of The Dungeons of Doom. On T:807 you advanced to experience level 3. On T:875 you reached level 4 of The Dungeons of Doom. On T:1216 you advanced to experience level 4. On T:1248 you reached level 5 of The Dungeons of Doom. On T:1319 you reached level 6 of The Dungeons of Doom. Score breakdown: Gold: 588 ( 58 points) Experience: 4 levels ( 300 points) Exploration: 6 levels ( 150 points) Discoveries: 2 items ( 100 points) Variety of kills: 17 monsters ( 850 points) Major goal: (nothing yet) ( 0 points) Survival: died (score multiplied by 3) Total score: 4374 Latest messages: You put 2 white gems into the chest. You put a black gem into the chest. You put an uncursed yellow gem into the chest. You faint from lack of food. Something bites! Something misses. Something bites! Something misses. Something bites! (6x) Something misses. Something bites! (6x) Something misses. Something bites! (3x) Something just misses! Something bites! (2x) You die... Final status: Goodbye monkhack the Monk, killed by a giant ant, while fainted from lack of food... You died in The Dungeons of Doom on dungeon level 5 with 4374 points, and 588 pieces of gold, after 1647 moves. You were level 4 with a maximum of 30 hit points when you died.